 Dungeon Crawl Stone Soup version 0.31-a0-177-g4aa6249778 (webtiles) character file.

Game seed: 11149489320577152284

406 qw the Chopper (level 6, -5/37 HPs)
             Began as a Gargoyle Fighter on June 18, 2023.
             Slain by an ogre
             ... wielding a +0 giant club
              (11 damage)
             ... on level 5 of the Dungeon.
             The game lasted 00:01:59 (3070 turns).

qw the Chopper (Gargoyle Fighter)                   Turns: 3070, Time: 00:01:59

Health: -5/37      AC: 15    Str: 21    XL:     6   Next: 87%
Magic:  6/6        EV:  7    Int: 15    God:
Gold:   287        SH:  6    Dex:  9    Spells: 5/5 levels left

rFire   . . .        Y - +0 war axe
rCold   . . .        p - +2 buckler of the Hunter {Int+6}
rNeg    + . .        q - +0 chain mail
rPois   inf          n - +0 helmet
rElec   +            (no cloak)
rCorr   .            g - +0 pair of gloves
SInv    +            (no boots)
Will    .....        k - amulet of regeneration Stlth
                     r - ring of see invisible
HPRegen 1.06/turn    (no ring)
MPRegen 0.10/turn

%: no passive effects
@: no status effects
A: sickness immunity, AC +4, negative energy resistance 1, electricity
resistance, torment resistance 1, petrification resistance
a: no special abilities


You were on level 5 of the Dungeon.
You visited 1 branch of the dungeon, and saw 5 of its levels.

You collected 287 gold pieces.


Innate Abilities, Weirdness & Mutations

You are immune to sickness and miasma.
Your stone body is resilient. (AC +4)
You are immune to poison.
You resist negative energy. (rN+)
You are resistant to electric shocks. (rElec)
You are resistant to unholy torment.
You are immune to petrification.


   Skills:
 + Level 3.6 Fighting
 - Level 6.0 Axes
 - Level 1.5 Throwing
 - Level 3.2 Armour
 - Level 3.2 Shields


You had 5 spell levels left.
You didn't know any spells.
Your spell library was empty.

Inventory:

Hand Weapons
 f - a +0 flail
 Y - a +0 war axe (weapon)
Armour
 g - a +0 pair of gloves (worn)
 n - a +0 helmet (worn)
 p - the +2 buckler of the Hunter (worn) {Int+6}
   (You acquired it on level 4 of the Dungeon)

   Int:       It affects your intelligence (+6).
 q - a +0 chain mail (worn)
Jewellery
 k - an amulet of regeneration (around neck)
 r - a ring of see invisible (left hand)
Scrolls
 i - a scroll of identify
Potions
 a - 4 potions of curing
 b - a potion of heal wounds {unknown}
 d - 3 potions of might
 e - a potion of enlightenment {unknown}
 h - a potion of magic {unknown}
 j - a potion of attraction {unknown}
 l - a potion of brilliance {unknown}
 m - a potion of berserk rage {unknown}
 o - a potion of invisibility {unknown}

Dungeon Overview and Level Annotations

Branches:
Dungeon (5/15)
 Temple: D:4-7

Altars:
Elyvilon
Hepliaklqana
Wu Jian
Yredelemnul

Shops:
D:2 :   D:5 *

Annotations:
D:4 1 runed translucent door, exclusion: 2 orc wizards


Message History

You hit the hound.
The hound is moderately wounded.
You block the hound's attack.
You barely miss the hound.
The hound is moderately wounded.
The hound bites you but does no damage. x2
You closely miss the hound.
The hound is moderately wounded.
The hound bites you. You block the hound's attack.
You slash the hound!
You kill the hound!
You feel your dexterity returning.
You start resting.
HP restored.
Found 5 stones.
You see here a hound corpse.
An ogre and an orc come into view.
The ogre shouts!
The orc shouts!
An orc comes into view. It is wielding a +0 club.
An orc comes into view.
It is wielding a +2 short sword of speed.
3061 ||| Stepping ~*~*~tactically~*~*~ (stealth).
The orc shouts! x2
A black bear comes into view.
You slash the ogre!
The ogre is heavily wounded.
The ogre hits you with a +0 giant club!!
Ouch! That really hurt!
You hit the ogre.
The ogre is heavily wounded.
You hit the orc. The ogre hits you with a +0 giant club!
You hit the ogre.
The ogre is heavily wounded.
You hit the orc but do no damage. You hit the orc.
The orc hits you with a +0 club. The orc hits you but does no damage.
You slash the ogre!
The ogre is almost dead.
You closely miss the orc. You hit the orc but do no damage.
The ogre hits you with a +0 giant club!
You die...

.. #. #. #. #.#
#.########### .
#........|@O###....
#
#>........ooo.h....
#.
#..########.###....
#.###..#### #... #.
#.........#####..##
#.#................#
........####.#####.#
..#.###.# )# .# #.
#.# .. .(


You could see a black bear, an ogre and 3 orcs.

Vanquished Creatures
  Grinder (D:5)
  An orc priest (D:3)
  2 hounds
  4 adders
  2 dart slugs (D:1)
  4 orcs
  4 ball pythons
  4 endoplasms
  4 giant cockroaches
  8 goblins
  7 hobgoblins
  2 jackals (D:3)
  5 quokkas
  10 bats
  4 frilled lizards
  6 kobolds
  A kobold skeleton (D:4)
  4 rats (D:1)
73 creatures vanquished.

Notes
Turn   | Place    | Note
-------+----------+-------------------------------------------
     0 | D:1      | qw the Gargoyle Fighter began the quest for the Orb.
     0 | D:1      | Reached XP level 1. HP: 14/14 MP: 1/1
     0 | D:1      | 0 ||| qw: Version: 0.3-a-7-g5d187d3
     0 | D:1      | 0 ||| qw: Game counter: 709
     0 | D:1      | 0 ||| qw: Always use a shield: true
     0 | D:1      | 0 ||| qw: God list: Okawaru
     0 | D:1      | 0 ||| qw: Allow faded altars: false
     0 | D:1      | 0 ||| qw: Do Orc after D:15 true
     0 | D:1      | 0 ||| qw: Do second Lair branch before Depths: true
     0 | D:1      | 0 ||| qw: Lair rune preference: random
     0 | D:1      | 0 ||| qw: Plans: Normal, Zot:1-4, Slime:5, God:TSO, Crypt,
                  | Tomb, Abyss, Pan, Hells, Win
     0 | D:1      | 0 ||| PLANNING D:1-11
     8 | D:1      | 8 ||| Stepping ~*~*~tactically~*~*~ (stealth).
    31 | D:1      | Reached skill level 2 in Axes
   117 | D:1      | Reached XP level 2. HP: 13/19 MP: 2/2
   211 | D:1      | 211 ||| Stepping ~*~*~tactically~*~*~ (hiding).
   214 | D:1      | 214 ||| Stepping ~*~*~tactically~*~*~ (hiding).
   372 | D:1      | 372 ||| Stepping ~*~*~tactically~*~*~ (hiding).
   513 | D:1      | Found a faded altar of an unknown god.
   681 | D:1      | Reached skill level 3 in Axes
   692 | D:1      | Reached XP level 3. HP: 23/23 MP: 3/3
   776 | D:1      | 776 ||| Stepping ~*~*~tactically~*~*~ (stealth).
   956 | D:1      | 956 ||| DROPPING scarf of shadows.
   957 | D:1      | 957 ||| UPGRADING to amulet of regeneration.
   962 | D:1      | 962 ||| READING scroll labelled CIAG RUZYAP.
   967 | D:1      | 967 ||| READING 2 scrolls labelled HEQOXT EQETIJO.
   968 | D:1      | 968 ||| READING scroll labelled FYODOELIPY.
  1011 | D:2      | 1011 ||| Stepping ~*~*~tactically~*~*~ (hiding).
  1015 | D:2      | 1015 ||| Stepping ~*~*~tactically~*~*~ (hiding).
  1057 | D:2      | 1057 ||| Stepping ~*~*~tactically~*~*~ (stealth).
  1119 | D:2      | Found Qucexa's Book Shoppe.
  1139 | D:2      | 1139 ||| Stepping ~*~*~tactically~*~*~ (stealth).
  1663 | D:2      | 1663 ||| UPGRADING to +0 chain mail.
  1673 | D:2      | 1673 ||| DROPPING +0 scale mail.
  1674 | D:2      | 1674 ||| DROPPING ring of flight.
  1675 | D:2      | 1675 ||| READING scroll labelled IRYFOD TONO.
  1676 | D:2      | 1676 ||| READING scroll labelled VOAZOO OGOPT.
  1680 | D:2      | 1680 ||| READING scroll labelled XICWUT WUFAAPP.
  1681 | D:2      | 1681 ||| READING 2 scrolls of identify.
  1681 | D:2      | 1681 ||| IDENTIFYING amethyst potion
  1691 | D:3      | 1691 ||| Stepping ~*~*~tactically~*~*~ (stealth).
  1716 | D:3      | 1716 ||| Stepping ~*~*~tactically~*~*~ (stealth).
  1725 | D:3      | Reached XP level 4. HP: 28/28 MP: 4/4
  1874 | D:3      | Found a white marble altar of Elyvilon.
  1937 | D:3      | 1937 ||| Stepping ~*~*~tactically~*~*~ (stealth).
  1939 | D:3      | 1939 ||| Stepping ~*~*~tactically~*~*~ (hiding).
  1947 | D:3      | Reached skill level 1 in Throwing
  1948 | D:3      | Reached skill level 4 in Axes
  1956 | D:3      | 1956 ||| Stepping ~*~*~tactically~*~*~ (stealth).
  1991 | D:3      | 1991 ||| FLEEEEING.
  1993 | D:3      | 1993 ||| STAIRDANCE
  1995 | D:2      | 1995 ||| UPGRADING to +0 helmet.
  2000 | D:2      | 2000 ||| DRINKING 3 lumpy amethyst potions.
  2001 | D:2      | 2001 ||| DROPPING 2 potions of degeneration.
  2017 | D:3      | 2017 ||| DROPPING +0 club.
  2020 | D:3      | 2020 ||| DROPPING +0 whip.
  2030 | D:3      | Reached XP level 5. HP: 32/32 MP: 5/5
  2041 | D:3      | 2041 ||| Stepping ~*~*~tactically~*~*~ (stealth).
  2047 | D:3      | 2047 ||| Stepping ~*~*~tactically~*~*~ (stealth).
  2261 | D:3      | 2261 ||| DROPPING +6 ring of intelligence.
  2262 | D:3      | 2262 ||| READING scroll labelled ALOTTO AXKU.
  2263 | D:3      | 2263 ||| READING scroll labelled CYWNIT HELEUQ.
  2428 | D:4      | 2428 ||| Stepping ~*~*~tactically~*~*~ (stealth).
  2428 | D:4      | Noticed a human
  2437 | D:4      | Found a runed translucent door.
  2446 | D:4      | Found a basalt altar of Yredelemnul.
  2548 | D:4      | Found an ornate altar of the Wu Jian Council.
  2654 | D:4      | Found a hazy altar of Hepliaklqana.
  2808 | D:4      | 2808 ||| DRINKING 4 potions of curing.
  2808 | D:4      | 2808 ||| (to cure confusion)
  2809 | D:4      | 2809 ||| FLEEEEING.
  2810 | D:4      | 2810 ||| FLEEEEING.
  2912 | D:4      | 2912 ||| Invisibility monster not found???
  2915 | D:4      | 2915 ||| FLEEEEING.
  2922 | D:4      | 2922 ||| UPGRADING to +0 pair of gloves.
  2933 | D:4      | 2933 ||| UPGRADING to ring of see invisible.
  2934 | D:4      | 2934 ||| READING scroll labelled ZACUAG ZEUKIRA.
  2934 | D:4      | Identified a scroll of acquirement
  2934 | D:4      | 2934 ||| ACQUIRING +2 buckler of the Hunter {Int+6}
  2934 | D:4      | Acquired the +2 buckler of the Hunter {Int+6}
  2936 | D:4      | 2936 ||| UPGRADING to +2 buckler of the Hunter {Int+6}.
  2946 | D:4      | 2946 ||| DROPPING +0 buckler.
  2959 | D:5      | Entered Level 5 of the Dungeon
  2967 | D:5      | 2967 ||| STAIRDANCE
  2983 | D:5      | Noticed Grinder
  2984 | D:5      | 2984 ||| Stepping ~*~*~tactically~*~*~ (hiding).
  3005 | D:5      | Killed Grinder
  3006 | D:5      | Reached skill level 6 in Axes
  3006 | D:5      | Reached XP level 6. HP: 30/37 MP: 6/6
  3016 | D:5      | Found Apinusach's Lightly-Used Armoury.
  3024 | D:5      | 3024 ||| SHOPLISTING -1 crystal plate armour (825 gold,
                  | have 287).
  3024 | D:5      | 3024 ||| SHOPLISTING -2 gold dragon scales (770 gold, have
                  | 287).
  3061 | D:5      | 3061 ||| Stepping ~*~*~tactically~*~*~ (stealth).
  3066 | D:5      | Noticed a black bear
  3068 | D:5      | HP: 5/37 [ogre/+0 giant club (11)]
  3070 | D:5      | Slain by an ogre

Levels and vault maps discovered:
D:1:      doesnt_arrival_eight_statues, layout_loops_cross,
          shapermc_ecumenical_altar_hornbeckon
D:2:      layout_loops_ring, serial_shops, nicolae_shop_tiny_statue_garden,
          hangedman_decor_diamond_cutter
D:3:      layout_basic, mainiacjoe_overflow_alcove_4, minmay_fractal_squares_5
D:4:      layout_basic, nicolae_hepliaklqana_hippocampus, tgw_sif,
          dk_yredelemnul_ordeal, lemuel_coloured_pillars_altar, serial_glass,
          glass_columns_a, glass_columns_c
D:5:      layout_basic, marbit_many_paths, minmay_shop_damaged,
          hangedman_abyss_or_decor_slice, minmay_misc_feat_alley,
          minmay_misc_feat_chi, nicolae_wooded_promenade, uniq_grinder

Skill      XL: |  1  2  3  4  5 |
---------------+----------------+-----
Axes           | 2 3 4 6 |  6.0
Throwing       | 1 |  1.5
Fighting       | |  3.6
Armour         | |  3.2
Shields        | |  3.2

Action                     |  1- 3 |  4- 6 || total
---------------------------+-------+-------++-------
  Melee: War axe           |   117 |   106 ||   223
  Throw: Javelin           |       |    25 ||    25
    Use: Scroll            |     7 |     3 ||    10
         Potion            |       |     2 ||     2
 Armour: Scale mail        |    47 |       ||    47
         Chain mail        |     7 |    64 ||    71
  Dodge: Dodged            |    52 |    42 ||    94
  Block: Buckler           |    17 |    23 ||    40

Table legend:
 A = Non-vault XP
 B = Vault XP
 C = Vault XP percentage of total XP
 D = Non-vault monster count
 E = Vault monster count
 F = Vault count percentage of total count
                 A         B        C        D         E       F
            +---------+---------+-------+---------+---------+-------
      Total |     281 |     299 |  51.6 |      64 |       9 |  12.3
            +---------+---------+-------+---------+---------+-------
        D:1 |      44 |       0 |   0.0 |      25 |       0 |   0.0
        D:2 |      28 |       0 |   0.0 |      11 |       0 |   0.0
        D:3 |      88 |      12 |  12.0 |      18 |       7 |  28.0
        D:4 |      78 |       1 |   1.3 |       9 |       1 |  10.0
        D:5 |      43 |     286 |  86.9 |       1 |       1 |  50.0
            +---------+---------+-------+---------+---------+-------
